 Dungeon Crawl Stone Soup version 0.26-a0-466-g989023bd0d (webtiles) character file.

Game seed: 3407934721602590814

71 Lanoc the Charlatan (level 4, -6/26 HPs)
             Began as a Kobold Artificer on Aug 3, 2020.
             Mangled by an orc warrior
             ... wielding a +0 halberd
              (8 damage)
             ... on level 2 of the Dungeon.
             The game lasted 00:02:21 (2926 turns).

Lanoc the Charlatan (Kobold Artificer)              Turns: 2926, Time: 00:02:21

Health: -6/26      AC:  3    Str:  9    XL:     4   Next: 47%
Magic:  4/4        EV: 15    Int: 12    God:
Gold:   84         SH:  0    Dex: 16    Spells: 3/3 levels left

rFire    . . .     SeeInvis .   a - +0 club
rCold    . . .     Faith    .   (shield restricted)
rNeg     . . .     Spirit   .   b - +0 leather armour
rPois    .         Reflect  .   (no helmet)
rElec    .         Harm     .   (no cloak)
rCorr    .                      (no gloves)
MR       .....                  (no boots)
Stlth    +++.......             (no amulet)
HPRegen  0.08/turn              (no ring)
MPRegen  0.09/turn              (no ring)

@: no status effects
A: small, nightstalker 3
a: no special abilities


You were on level 2 of the Dungeon.
You visited 1 branch of the dungeon, and saw 2 of its levels.

You collected 84 gold pieces.

Inventory:

Hand Weapons
 a - a +0 club (weapon)
Missiles
 k - 3 atropa-tipped darts (quivered)
Armour
 b - a +0 leather armour (worn)
Wands
 c - a wand of flame (1)
 d - a wand of enslavement (15)
 e - a wand of random effects (13)
Scrolls
 g - a scroll of teleportation {unknown}
 i - 2 scrolls of remove curse {unknown}
 j - 5 scrolls of identify {unknown}
 l - a scroll of random uselessness {unknown}
 m - a scroll of amnesia {unknown}
 n - a scroll of fear {unknown}
Potions
 f - a potion of flight {unknown}
 h - a potion of might {unknown}


   Skills:
 + Level 1.7 Fighting
 + Level 1.3 Armour
 + Level 3.0 Dodging
 * Level 3.1 Stealth
 * Level 4.5 Evocations


You had 3 spell levels left.
You didn't know any spells.
Your spell library was empty.

Dungeon Overview and Level Annotations

Branches:
Dungeon (2/15)

Altars:


Innate Abilities, Weirdness & Mutations

You are small and have problems with some larger weapons.
You are completely attuned to the shadows.


Message History

You hit the orc warrior.
The orc warrior is moderately wounded.
The helpless orc warrior fails to defend itself.
You hit the orc warrior but do no damage.
The orc warrior is lightly wounded.
The helpless orc warrior fails to defend itself.
You hit the orc warrior but do no damage.
The orc warrior is lightly wounded.
The helpless orc warrior fails to defend itself.
You hit the orc warrior but do no damage.
The orc warrior is lightly wounded.
The helpless orc warrior fails to defend itself.
You hit the orc warrior but do no damage.
The orc warrior is lightly wounded.
The orc warrior is no longer paralysed.
The orc warrior hits you with a +0 halberd!!
Ouch! That really hurt!
* * * LOW HITPOINT WARNING * * *
The orc warrior hits you from afar with a +0 halberd!
You die...

.....#.#
.....#.#
##.##.# ##'##)#
.........#
..........#
..........#
..........#
...o.@....#
....).....#####
..............'
.........######
.........#
##########


You could see an orc warrior.

Vanquished Creatures
  A bullfrog zombie (D:2)
  A worm (D:2)
  A dart slug (D:1)
  2 leopard geckos
  3 orcs (D:2)
  2 giant cockroaches (D:1)
  4 goblins
  4 hobgoblins (D:1)
  A kobold (D:2)
  A quokka (D:2)
  3 bats
  A frilled lizard (D:2)
  2 rats (D:2)
26 creatures vanquished.

Notes
Turn   | Place    | Note
-------+----------+-------------------------------------------
     0 | D:1      | Lanoc the Kobold Artificer began the quest for the Orb.
     0 | D:1      | Reached XP level 1. HP: 12/12 MP: 1/1
   235 | D:1      | Reached XP level 2. HP: 11/16 MP: 2/2
   462 | D:1      | Reached skill level 4 in Evocations
   823 | D:1      | Reached skill level 1 in Armour
  1431 | D:2      | Reached XP level 3. HP: 2/21 MP: 3/3
  1431 | D:2      | Reached XP level 4. HP: 3/26 MP: 4/4
  2589 | D:2      | Noticed an orc warrior
  2926 | D:2      | Mangled by an orc warrior

Illustrated notes

Levels and vault maps discovered:
D:1:      dpeg_arrival_yet_another_circle, layout_basic, serial_forest,
          infiniplex_forest_clump_small, infiniplex_forest_straight_5,
          infiniplex_forest_end_2, infiniplex_forest_lined_2,
          infiniplex_forest_clump_tiny, infiniplex_forest_diagonal,
          infiniplex_forest_lined_corner
D:2:      layout_basic, minmay_pentomino_x4

Skill      XL: |  1  2  3  4 |
---------------+-------------+-----
Stealth        | 2 3 |  3.1
Evocations     | 4 |  4.5
Armour         | 1 |  1.3
Dodging        | 3 |  3.0
Fighting       | |  1.7

Action                   |  1- 3 |  4- 6 || total
-------------------------+-------+-------++-------
Melee: Club              |    80 |   103 ||   183
Evoke: Wand              |     7 |     9 ||    16
 Stab: Sleeping          |     3 |     3 ||     6
       Paralysed         |       |    13 ||    13
Armor: Leather armour    |     9 |    12 ||    21
Dodge: Dodged            |    82 |    95 ||   177

Table legend: (Time is in decaauts)
 A = Elapsed time spent in this place.
 B = Non-inter-level travel time spent in this place.
 C = Inter-level travel time spent in this place.
 D = Time resting spent in this place.
 E = Time spent auto-exploring this place.
 F = Levels seen in this place.
 G = Mean time per level.
                   A        B        C        D        E       F      G
               +--------+--------+--------+--------+--------+-----+--------+
         Total |   2980 |   2972 |      8 |    327 |   2268 |   2 | 1490.0 |
       Dungeon |   2980 |   2972 |      8 |    327 |   2268 |   2 | 1490.0 |
               +--------+--------+--------+--------+--------+-----+--------+

Top non-repeatable levels by time:
     D:2: 1554 daAuts
     D:1: 1425 daAuts
